[Event "Late-Titled-Tuesday-Blitz-March-12-2024"]
[Site "Chess.com"]
[Date "2024.03.12"]
[Round "1"]
[White "LornerAcosta"]
[Black "remyrushbrooke"]
[Result "1-0"]
[WhiteElo "2620"]
[BlackElo "2264"]
[TimeControl "180+1"]
[EndTime "14:07:03 PDT"]
[Termination "LornerAcosta won by resignation"]

1. Nf3 f5 2. c4 Nf6 3. e3 e6 4. b3 d6 5. Bb2 Be7 6. Nc3 O-O 7. d4 Qe8 8. Be2 Nc6 9. a3 Ne4 10.
Qc2 Nxc3 11. Bxc3 Bf6 12. O-O-O e5 13. h3 a6 14. g4 b5 15. d5 Nd8 16. g5 Be7 17. h4 bxc4 18. Bxc4 f4 19. Nd2 fxe3 20. fxe3 Qg6 21. Bd3 Bf5 22. Ne4 c5 23. h5 Qe8 24.
Rdg1 Kh8 25. Rf1 Bxe4 26. Bxe4 Bxg5 27. Bxh7 Bxe3+ 28. Kb1 Rxf1+ 29. Rxf1 Nb7 30. Bg6 Qb5 31. Rf7 c4 32. b4 Nc5 33. Qf5 a5 34. Rf8+ 1-0

[Event "Late-Titled-Tuesday-Blitz-March-12-2024"]
[Site "Chess.com"]
[Date "2024.03.12"]
[Round "1"]
[White "Bryanl106"]
[Black "Veleamater"]
[Result "1-0"]
[WhiteElo "2660"]
[BlackElo "2322"]
[TimeControl "180+1"]
[EndTime "14:07:04 PDT"]
[Termination "Bryanl106 won by resignation"]

1. e4 e5 2. Nf3 Nc6 3. Nc3 Nf6 4. a3 d5 5. Bb5 d4 6. Ne2 Bd6 7. d3 h6 8. O-O O-O 9. h3 a6 10. Bc4 b5 11. Ba2 Be6 12. Bxe6 fxe6 13. c3 Bc5 14. Qc2 Qe7 15. b4 Bb6 16. c4 bxc4 17. Qxc4 Qd6 18. Bd2 Nd7 19. Rfc1 Ne7 20. Ng3 Rfc8 21. Nh4 Kh7 22.
a4 c5 23. b5 axb5 24. axb5 Bd8 25. Ra6 Nb6 26. Qa2 Rxa6 27. bxa6 Nc6 28. Nf3 Ra8 29.
Ra1 Nb4 30. Bxb4 cxb4 31. Qb3 Nd7 32. a7 Bb6 33. Ra4 Bc5 34. Nd2 Rxa7 35. Nc4 Qc6 36. Rxa7 Bxa7 37. Qxb4 Nc5 38. Nxe5 Qa4 39. Qxa4 Nxa4 40.
Nc6 Bc5 41. Ne2 Nb2 42. Nexd4 Nxd3 43. Kf1 e5 44. Nb3 Bxf2 45. Ke2 Nc5 46. Nxc5 Bxc5 47. Nxe5 Bd6 48. Nd3 Bc7 49. Kf3 Kg6 50. e5 Kf5 51. g4+ Ke6 52. Ke4 g5 53. Nc5+ Ke7 54. Kf5 Kf7 55.
Ne4 Bd8 56. Nd6+ Kg7 57. Nb5 Kf7 58. Nd4 Ke7 59. Nc6+ Kd7 60. Nxd8 Kxd8 61. Kg6 Ke7 62. Kxh6 Ke6 63. Kxg5 Kxe5 64. h4 1-0

[Event "Late-Titled-Tuesday-Blitz-March-12-2024"]
[Site "Chess.com"]
[Date "2024.03.12"]
[Round "1"]
[White "mightysmasher"]
[Black "newauto"]
[Result "1-0"]
[WhiteElo "2585"]
[BlackElo "2117"]
[TimeControl "180+1"]
[EndTime "14:07:05 PDT"]
[Termination "mightysmasher won by checkmate"]

1. e4 c6 2. d4 d5 3. Nd2 dxe4 4. Nxe4 Bf5 5. Ng3 Bg6 6. h4 h6 7. Nf3 Nd7 8. Bd3 Bxd3 9. Qxd3 e6 10. c3 Ngf6 11. Bd2 Bd6 12. Ne4 Nxe4 13. Qxe4 Nf6 14.
Qd3 Qc7 15. O-O-O Bf4 16. Rhe1 O-O-O 17. Kb1 Bxd2 18. Qxd2 Kb8 19. g3 c5 20. Qc2 cxd4 21. Nxd4 a6 22. a3 Qc4 23. Qc1 Nd5 24. Qc2 Rc8 25. Qe2 Qxe2 26. Nxe2 Rhd8 27. Nd4 Nf6 28. f3 Nd5 29. Ka1 Nb6 30. f4 Nd5 31. Nf3 Nf6 32. Ne5 Rxd1+ 33. Rxd1 Rc7 34. g4 g6 35. Rd8+ Ka7 36.
Rf8 h5 37. g5 Nd5 38. Nxf7 Nxf4 39. Nd6 Ng2 40. Nc8+ Kb8 41. Ne7+ Ka7 42. Nxg6 Rc4 43. Rf6 Nxh4 44. Nxh4 Rxh4 45. Rxe6 Rg4 46. Rg6 h4 47. Ka2 h3 48. Rh6 Rxg5 49. Rxh3 a5 50. Kb3 Ka6 51. c4 Rg4 52. Rh6+ Ka7 53. Rh5 Ka6 54. Kc3 a4 55.
Kb4 Rf4 56. Ra5+ Kb6 57. Rxa4 Rf2 58. b3 Rc2 59. Ra8 Kc6 60. a4 Kb6 61. Rc8 Ka6 62.
a5 Rb2 63. Ra8# 1-0

[Event "Late-Titled-Tuesday-Blitz-March-12-2024"]
[Site "Chess.com"]
[Date "2024.03.12"]
[Round "1"]
[White "DeArron_Fox"]
[Black "Grischuk"]
[Result "0-1"]
[WhiteElo "2557"]
[BlackElo "3069"]
[TimeControl "180+1"]
[EndTime "14:07:07 PDT"]
[Termination "Grischuk won on time"]

1. d4 e6 2. c4 b6 3. e4 Bb4+ 4. Bd2 Bxd2+ 5. Qxd2 d5 6. cxd5 exd5 7. e5 Ne7 8. Bd3 c5 9. Ne2 Nbc6 10. Nbc3 cxd4 11. Nb5 Nxe5 12. O-O O-O 13. Nbxd4 Bg4 14. Nf4 Qd6 15. h3 Bd7 16. Rfe1 N7g6 17. Nxg6 hxg6 18.
Qf4 Rfe8 19. Re3 Qf6 20. Qxf6 gxf6 21. Be2 Rac8 22. Rd1 Nc4 23. Rxe8+ Bxe8 24. b3 Nd6 25. Bf3 Ne4 26. Re1 f5 27. g4 Bd7 28. gxf5 gxf5 29.
Kh2 Kg7 30. Rg1+ Kf6 31. Rf1 Rc3 32. Bxe4 fxe4 33. f3 Ke5 34. Ne2 Rc2 35. Rf2 Bb5 0-1

[Event "Late-Titled-Tuesday-Blitz-March-12-2024"]
[Site "Chess.com"]
[Date "2024.03.12"]
[Round "1"]
[White "Fonsofan"]
[Black "Ready4abattle"]
[Result "1-0"]
[WhiteElo "2723"]
[BlackElo "2408"]
[TimeControl "180+1"]
[EndTime "14:07:07 PDT"]
[Termination "Fonsofan won by checkmate"]

1. f4 g6 2. e4 c5 3. Nf3 Nc6 4. Nc3 Bg7 5. Bb5 Nd4 6. Bc4 e6 7. d3 Ne7 8. O-O O-O 9. Nxd4 cxd4 10. Ne2 d5 11. Bb3 Bd7 12. e5 f6 13. Nxd4 fxe5 14. fxe5 Bxe5 15. Nf3 Bg7 16. c3 Qb6+ 17.
Kh1 Nf5 18. Qe2 Rae8 19. Bf4 a5 20. Rae1 a4 21. Bd1 Bb5 22. Be5 Qa6 23. Bxg7 Bxd3 24.
Bxf8 Bxe2 25. Bxe2 Qb6 26. Bb4 Ne3 27. Bd1 Nxf1 28.
Rxf1 Qb5 29. Re1 e5 30. h3 e4 31. Nd4 Qa6 32. Be2 Qf6 33. Rf1 Qh4 34. Bb5 Ra8 35.
Bd7 Ra6 36. Be6+ Kg7 37. Rf7+ Kh8 38. Be7 Qe1+ 39. Kh2 Rxe6 40. Nxe6 Qe3 41. Bf6+ Kg8 42. Rf8# 1-0

[Event "Late-Titled-Tuesday-Blitz-March-12-2024"]
[Site "Chess.com"]
[Date "2024.03.12"]
[Round "1"]
[White "ChainedDowntohell"]
[Black "Hrant_ChessMood"]
[Result "0-1"]
[WhiteElo "2534"]
[BlackElo "2985"]
[TimeControl "180+1"]
[EndTime "14:07:08 PDT"]
[Termination "Hrant_ChessMood won on time"]

1. e4 c6 2. d4 d5 3. exd5 cxd5 4.
Nf3 Nf6 5. Bf4 Nc6 6. Bb5 Bg4 7. O-O e6 8. Nbd2 Bd6 9. Bxd6 Qxd6 10. h3 Bh5 11. c4 dxc4 12. g4 Bg6 13. Nxc4 Qd5 14.
Bxc6+ bxc6 15. Ne3 Qb5 16. Qb3 O-O 17. Ne5 Be4 18.
Rac1 Rfc8 19. N3c4 Ne8 20. Qa3 Bd5 21. Ne3 Qb7 22. b3 Nf6 23. Rfd1 a5 24. Rc5 h6 25. Rxa5 Ne4 26. Rxa8 Rxa8 27. Qb2 Ng5 28. Ra1 Nxh3+ 29. Kh2 Ng5 30. Kg3 f6 31. Nd3 Ne4+ 32. Kh2 Qc7+ 33. Kg1 Ng5 34. f4 Nh3+ 35. Kf1 Be4 36. Nf2 Qxf4 0-1

[Event "Late-Titled-Tuesday-Blitz-March-12-2024"]
[Site "Chess.com"]
[Date "2024.03.12"]
[Round "1"]
[White "prochn"]
[Black "oskariot"]
[Result "0-1"]
[WhiteElo "2428"]
[BlackElo "2760"]
[TimeControl "180+1"]
[EndTime "14:07:09 PDT"]
[Termination "oskariot won on time"]

1. d4 Nf6 2. c4 c5 3. d5 g6 4.
g3 Bg7 5. Bg2 d6 6. Nc3 O-O 7.
Nf3 Na6 8. O-O Nc7 9. e4 Bg4 10. h3 Bxf3 11. Bxf3 Nd7 12. Qc2 b5 13. cxb5 a6 14.
bxa6 Nxa6 15. Be2 Qa5 16. Bd2 Nc7 17. a4 Qb6 18. b3 Rfb8 19. Ra3 Na6 20. Nb5 Nb4 21. Qc1 Ne5 22. Kh2 Rc8 23. f4 Nd7 24.
Bc4 Qd8 25. Bc3 Qf8 26. Qb2 Nb6 27. a5 Nd7 28. e5 Rcb8 29. Raa1 h5 30. h4 Kh7 31. Rfe1 Rb7 32. Rf1 Na6 33. Qe2 Qh8 0-1

[Event "Late-Titled-Tuesday-Blitz-March-12-2024"]
[Site "Chess.com"]
[Date "2024.03.12"]
[Round "1"]
[White "egnfanclub"]
[Black "ansko1999"]
[Result "0-1"]
[WhiteElo "2371"]
[BlackElo "2703"]
[TimeControl "180+1"]
[EndTime "14:07:09 PDT"]
[Termination "ansko1999 won by resignation"]

1. e4 d6 2. Nc3 Nf6 3. f4 g6 4. Nf3 Bg7 5. Bc4 O-O 6. d3 c6 7. Bb3 a5 8. O-O Na6 9. a3 b5 10. Qe1 a4 11. Ba2 e6 12. f5 exf5 13. Bg5 Qb6+ 14.
Be3 Qc7 15. Qh4 Ng4 16. Bd4 Ne5 17. Nxe5 dxe5 18. Be3 f4 19. Bd2 Qd8 20. Qf2 Qd4 21. Qxd4 exd4 22. Ne2 g5 23. h4 h6 24. hxg5 hxg5 25.
g3 Bg4 26. Rae1 f3 27. Nc1 Be5 28. Kf2 Bh3 29. Rh1 g4 30. c3 Kg7 31. Bf4 f6 32.
Rxh3 gxh3 33. Kxf3 Nc5 34. Rh1 Rh8 35. cxd4 Bxd4 36.
Ne2 Bxb2 37. d4 Nd3 38. Bd6 Rad8 39. e5 fxe5 40. dxe5 Bxe5 41. Bxe5+ Nxe5+ 42. Ke4 Rde8 43. Nf4 Ng4+ 44. Ne6+ Rxe6+ 45. Bxe6 Nf2+ 0-1

[Event "Late-Titled-Tuesday-Blitz-March-12-2024"]
[Site "Chess.com"]
[Date "2024.03.12"]
[Round "1"]
[White "Grindaveci"]
[Black "jcibarra"]
[Result "0-1"]
[WhiteElo "2528"]
[BlackElo "2934"]
[TimeControl "180+1"]
[EndTime "14:07:10 PDT"]
[Termination "jcibarra won by resignation"]

1. e4 c5 2. c3 Nf6 3. e5 Nd5 4. d4 cxd4 5. cxd4 d6 6. Nf3 Nc6 7. Bc4 dxe5 8. dxe5 Be6 9. O-O g6 10. Na3 Bg7 11. Qe2 O-O 12. Rd1 Qa5 13. Bd2 Qb6 14. Bg5 Rfd8 15. Rab1 h6 16. Bd2 Rac8 17. Nb5 Bg4 18.
Bxh6 Bxf3 19. gxf3 Bxh6 20. Bxd5 a6 21. Nc3 e6 22. Bb3 Nd4 23. Qe4 Nxb3 24. axb3 Qxb3 25. Rxd8+ Rxd8 26. Qh4 Rd3 27. Qxh6 Rxc3 28. Re1 Qxb2 29.
Rd1 Rc8 30. f4 Rc1 31. Rxc1 Qxc1+ 32. Kg2 Qc6+ 33. Kg3 Qd5 34. Qg5 a5 35. h4 a4 36.
h5 a3 37. hxg6 Qd3+ 38. f3 Qxg6 0-1

[Event "Late-Titled-Tuesday-Blitz-March-12-2024"]
[Site "Chess.com"]
[Date "2024.03.12"]
[Round "1"]
[White "jk13"]
[Black "SharathRk6"]
[Result "1-0"]
[WhiteElo "2694"]
[BlackElo "2363"]
[TimeControl "180+1"]
[EndTime "14:07:10 PDT"]
[Termination "jk13 won by resignation"]

1. e4 e5 2. Nf3 Nc6 3. Bc4 Bc5 4. d3 Nf6 5. c3 d6 6. Bb3 O-O 7. O-O a6 8. h3 h6 9. Re1 Re8 10.
Nbd2 Be6 11. Bc2 d5 12. Qe2 dxe4 13. dxe4 b5 14. Rd1 Qe7 15. Nf1 Rad8 16. Bd2 Bc4 17.
Qe1 Bb6 18. Ng3 Be6 19. Nh4 Qf8 20. Nhf5 Ne7 21. Qe2 Nxf5 22. Nxf5 Bxf5 23. exf5 Kh7 24. a4 Qc5 25. a5 Rxd2 26. Rxd2 Ba7 27. Bb3 Re7 28.
Rd8 e4 29. g4 e3 30. f3 Qe5 31.
Kg2 c5 32. Rf1 c4 33. Bc2 Qf4 34. Rfd1 Bb8 35. Rxb8 Qxb8 36. Rd4 Kg8 37. Be4 Nxe4 38. fxe4 Qf4 39. Qf3 Qg5 40. Kf1 h5 41. Ke2 hxg4 42.
hxg4 f6 43. Rd5 Kf7 44. Rd1 Qh4 45. Rh1 Qg5 46. Rh5 1-0

[Event "Late-Titled-Tuesday-Blitz-March-12-2024"]
[Site "Chess.com"]
[Date "2024.03.12"]
[Round "1"]
[White "matagordo"]
[Black "rynos0411"]
[Result "1-0"]
[WhiteElo "2301"]
[BlackElo "2621"]
[TimeControl "180+1"]
[EndTime "14:07:10 PDT"]
[Termination "matagordo won on time"]

1. d4 Nf6 2. Bf4 e6 3. e3 b6 4. Qf3 Nc6 5. Nc3 Bb7 6. Bd3 Be7 7. Nge2 Rb8 8. e4 d6 9. Rg1 e5 10. dxe5 Nxe5 11. Bxe5 dxe5 12. O-O-O O-O 13. g4 Nd7 14.
Nd5 Bg5+ 15. Kb1 Nc5 16. Ng3 c6 17. Ne3 Qf6 18. Qe2 Ne6 19. Ngf5 Rbd8 20. h4 Bxh4 21. g5 Nxg5 22. Qg4 Bxf2 23. Rg2 g6 24. Rxf2 Kh8 25. Rg1 Ne6 26. Rh2 Nf4 27. Rgh1 h5 28. Qg1 Bc8 29. Ng3 1-0

[Event "Late-Titled-Tuesday-Blitz-March-12-2024"]
[Site "Chess.com"]
[Date "2024.03.12"]
[Round "1"]
[White "KorolDimitriy75"]
[Black "Mikhail_Bryakin"]
[Result "0-1"]
[WhiteElo "2421"]
[BlackElo "2735"]
[TimeControl "180+1"]
[EndTime "14:07:12 PDT"]
[Termination "Mikhail_Bryakin won by resignation"]

1. d4 d6 2. c4 Nf6 3. Nc3 e5 4. e3 g6 5. Nf3 Nc6 6. Be2 Bg7 7. O-O O-O 8. b3 e4 9. Nd2 Re8 10. Bb2 h5 11. d5 Nb8 12. Qc2 Qe7 13. Rae1 a6 14. f3 Bf5 15. f4 h4 16. b4 Nbd7 17. Nb3 Nf8 18. Nd4 Bd7 19. c5 dxc5 20. bxc5 Qxc5 21.
Nb3 Qe7 22. Rd1 Bg4 23. h3 Bh5 24. Nd4 Rad8 25. Qb3 Rb8 26. Rd2 N8d7 27. Rc1 Nc5 28. Qc4 Bxe2 29. Ncxe2 Nd3 30. Rcc2 Nxb2 31. Rxb2 Red8 32.
Nb3 Rxd5 33. Rxd5 Nxd5 34. Qxd5 Bxb2 35. Nc5 c6 36. Qc4 Bg7 37. Nd4 Rd8 38. Ncb3 c5 39. Ne2 b5 40. Qxc5 Qxc5 41. Nxc5 Rd2 42. Kf2 Rxa2 0-1

[Event "Late-Titled-Tuesday-Blitz-March-12-2024"]
[Site "Chess.com"]
[Date "2024.03.12"]
[Round "1"]
[White "chucksterf10"]
[Black "dropstoneDP"]
[Result "0-1"]
[WhiteElo "2539"]
[BlackElo "3000"]
[TimeControl "180+1"]
[EndTime "14:07:13 PDT"]
[Termination "dropstoneDP won on time"]

1. Nf3 Nf6 2. c4 c5 3. b3 d5 4. cxd5 Nxd5 5. Bb2 Nc6 6. g3 f6 7. d4 cxd4 8. Nxd4 Nxd4 9. Qxd4 e5 10. Qd2 Bb4 11. Nc3 Be6 12. a3 Bxc3 13. Bxc3 Nxc3 14. Qxc3 Rc8 15. Qb4 Qd5 16. e4 Qxb3 17. Bb5+ Kf7 18. Qxb3 Bxb3 19. O-O Rhd8 20. Rfc1 Be6 21. f3 Ke7 22.
Be2 Rd2 23. Kf1 Rcc2 24. Rxc2 Rxc2 25. Rb1 b6 26. Rb4 Rc5 27. Kf2 Bd7 28. Rb3 g5 29.
Ke3 Rc2 30. f4 gxf4+ 31. gxf4 exf4+ 32. Kf3 h5 33. Ba6 Rxh2 34. Kxf4 Rh4+ 0-1

[Event "Late-Titled-Tuesday-Blitz-March-12-2024"]
[Site "Chess.com"]
[Date "2024.03.12"]
[Round "1"]
[White "Mikhail_Golubev"]
[Black "Fore_Man"]
[Result "1-0"]
[WhiteElo "2671"]
[BlackElo "2324"]
[TimeControl "180+1"]
[EndTime "14:07:13 PDT"]
[Termination "Mikhail_Golubev won by checkmate"]

1. e4 c5 2. Nf3 d6 3. d4 cxd4 4. Nxd4 Nf6 5. Nc3 a6 6. Bc4 e6 7. O-O b5 8. Bb3 Be7 9. Qf3 Qc7 10. Qg3 O-O 11. Bh6 Ne8 12. Rad1 Kh8 13. Bg5 Nf6 14. Qh4 b4 15. Nce2 Bb7 16. Nf4 Nc6 17. Ndxe6 fxe6 18.
Ng6+ Kg8 19. Nxf8 Rxf8 20. Bxe6+ Kh8 21. Rd3 Ne5 22. Rh3 Ng6 23. Qg3 Nxe4 24. Rxh7+ Kxh7 25. Qh3+ Nh4 26. Qxh4+ Kg6 27. Bxe7 Re8 28. Qg4+ Kh6 29. Bf7 Nf6 30. Qg6# 1-0

[Event "Late-Titled-Tuesday-Blitz-March-12-2024"]
[Site "Chess.com"]
[Date "2024.03.12"]
[Round "1"]
[White "The_Straightforward_Rook"]
[Black "ameetghasi100"]
[Result "0-1"]
[WhiteElo "2459"]
[BlackElo "2811"]
[TimeControl "180+1"]
[EndTime "14:07:14 PDT"]
[Termination "ameetghasi100 won by resignation"]

1. d4 d6 2. c4 g6 3. Nc3 Bg7 4. e4 Nf6 5. Be2 O-O 6. h4 Nc6 7. h5 e5 8. d5 Nd4 9. Nf3 Nxe2 10. Qxe2 Bg4 11. h6 Bh8 12. Bg5 Qe8 13. Qc2 Bd7 14.
Nd2 Nh5 15. O-O-O a6 16. g4 Nf4 17. f3 b5 18. Rde1 c6 19. dxc6 Bxc6 20. Nd5 Nxd5 21.
cxd5 Bxd5 22. Kb1 Be6 23. Qd3 f6 24. Be3 Qf7 25. a3 d5 26. Bc5 Rfd8 27. Qc3 Rac8 28. Qb4 d4 29. Rc1 Qd7 30. Bb6 Re8 31. Qa5 Qb7 32.
Rc5 Rxc5 33. Bxc5 f5 34. gxf5 gxf5 35. Rc1 Bf6 36. Bd6 Rc8 37. Rg1+ Kf7 38. Qb4 Qc6 39. Nb3 Qc2+ 40. Ka2 f4 41. Be7 Qxb3+ 42. Qxb3 Bxb3+ 43. Kxb3 Kxe7 44. Rg7+ Bxg7 0-1

[Event "Late-Titled-Tuesday-Blitz-March-12-2024"]
[Site "Chess.com"]
[Date "2024.03.12"]
[Round "1"]
[White "HanSchut"]
[Black "GothamChess"]
[Result "0-1"]
[WhiteElo "2339"]
[BlackElo "2689"]
[TimeControl "180+1"]
[EndTime "14:07:15 PDT"]
[Termination "GothamChess won by resignation"]

1. e4 d5 2. exd5 Qxd5 3. Nc3 Qa5 4. d4 Nf6 5. Bd2 Bg4 6. f3 Bd7 7. Bc4 Qb6 8. Qe2 Nc6 9. O-O-O Nxd4 10. Qe1 Bf5 11. Be3 O-O-O 12. Nge2 Nb3+ 13. Bxb3 Qxe3+ 14. Kb1 Rxd1+ 15. Nxd1 Qb6 16. Bxf7 e5 17. Ng3 Be6 18. Bxe6+ Qxe6 19. Nc3 Bb4 20. Qe3 Kb8 21. a3 Ba5 22. Rd1 Bb6 23. Qd3 a6 24. Nge4 Rg8 25. Nd5 Rd8 26.
c4 c6 27. Ng5 Qe8 28. Qb3 cxd5 29. Qxb6 Qg6+ 30. Ka2 Rc8 31. Ne6 Qc2 32. Qd6+ Ka7 33. Rb1 Qxc4+ 34. Ka1 e4 35. fxe4 Nxe4 36. Nxg7 Nxd6 0-1

[Event "Late-Titled-Tuesday-Blitz-March-12-2024"]
[Site "Chess.com"]
[Date "2024.03.12"]
[Round "1"]
[White "NelsonLinda"]
[Black "pirulillo"]
[Result "0-1"]
[WhiteElo "2620"]
[BlackElo "2298"]
[TimeControl "180+1"]
[EndTime "14:07:16 PDT"]
[Termination "pirulillo won by resignation"]

1. Nf3 Nf6 2. g3 g6 3. b3 Bg7 4. Bb2 O-O 5. c4 d6 6. Bg2 e5 7. O-O Re8 8. Nc3 c6 9. h3 d5 10.
d4 e4 11. Ne5 Nbd7 12. cxd5 cxd5 13. Rc1 a6 14. Na4 Bf8 15. e3 Bd6 16. Nxd7 Bxd7 17. Nc5 Bc6 18. Qd2 h5 19. h4 Ng4 20. Bh3 g5 21.
Bxg4 hxg4 22. hxg5 Qxg5 23. Kg2 Qf5 24. Rh1 Kg7 25.
Rcg1 Rh8 26. Qd1 Bb5 27. Rxh8 Rxh8 28. Rh1 Rh3 29. Rxh3 gxh3+ 30. Kg1 Qg5 31. a4 Bxg3 32. axb5 Bd6+ 33. Kf1 h2 34. Ke2 0-1

[Event "Late-Titled-Tuesday-Blitz-March-12-2024"]
[Site "Chess.com"]
[Date "2024.03.12"]
[Round "1"]
[White "NCchamp"]
[Black "BabageldiAnnaberdiyev"]
[Result "0-1"]
[WhiteElo "2273"]
[BlackElo "2626"]
[TimeControl "180+1"]
[EndTime "14:07:16 PDT"]
[Termination "BabageldiAnnaberdiyev won by resignation"]

1. d4 e6 2. e4 d5 3. exd5 exd5 4. Nf3 Bd6 5. Bd3 Nc6 6. Qe2+ Nge7 7. c3 Bg4 8. Bg5 f6 9. Bh4 Qd7 10. Nbd2 O-O-O 11. h3 Bf5 12. O-O-O Bxd3 13. Qxd3 Nf5 14. g4 Nxh4 15. Nxh4 h5 16. Ng6 Rh6 17. Qf5 Ne7 18. Nxe7+ Bxe7 19. Rde1 Bd6 20. Qxd5 hxg4 21. hxg4 Rxh1 22.
Rxh1 Qxg4 23. Re1 c6 24. Qf7 Qd7 25. Qg6 Bf4 26. Re2 c5 27. Qe4 g5 28. Kc2 cxd4 29. Qxd4 Qxd4 30. cxd4 Rxd4 31. Nb3 Rd6 32. Kc3 Be5+ 33.
Kc4 b6 34. Kb5 Kb7 35. Rc2 a6+ 36. Kb4 Rd5 37. Re2 b5 38. Na5+ Kb6 39. Nb3 a5+ 40.
Ka3 Bd6+ 41. Nc5 Bxc5+ 42. Kb3 Re5 43. Rd2 a4+ 44. Kc3 Rf5 45. f3 Rxf3+ 46. Kc2 Rf2 47. Kd3 Rxd2+ 48. Kxd2 f5 49. Ke2 f4 50. Kf3 Bd4 51.
Kg4 Bxb2 52. Kf3 0-1

[Event "Late-Titled-Tuesday-Blitz-March-12-2024"]
[Site "Chess.com"]
[Date "2024.03.12"]
[Round "1"]
[White "RandomNoob04"]
[Black "chessamical"]
[Result "1-0"]
[WhiteElo "2611"]
[BlackElo "2219"]
[TimeControl "180+1"]
[EndTime "14:07:16 PDT"]
[Termination "RandomNoob04 won on time"]

1. e4 e6 2. d4 d5 3. e5 c5 4. c3 Nc6 5. Nf3 Qb6 6. Bd3 Bd7 7. O-O cxd4 8. cxd4 Nxd4 9. Nxd4 Qxd4 10. Nc3 a6 11.
Qe2 Rc8 12. Kh1 Bc5 13. Bg5 h6 14. Bd2 Ne7 15. f4 g5 16. fxg5 hxg5 17. Bxg5 Nc6 18.
Rae1 Be7 19. Bxe7 Kxe7 20. h3 Rcg8 21. Qf3 Be8 22. Rd1 Qh4 23. Qf6+ Kd7 24. Qxh4 Rxh4 25.
Rde1 Rg5 26. Kh2 Nxe5 27. Be2 Ng6 28. g3 Rb4 29. h4 Re5 30. b3 Re3 31. Nd1 Ree4 32.
Bh5 Ne5 33. Nc3 Rxe1 34. Rxe1 Nd3 35. Re2 1-0

[Event "Late-Titled-Tuesday-Blitz-March-12-2024"]
[Site "Chess.com"]
[Date "2024.03.12"]
[Round "1"]
[White "JiiHart"]
[Black "Statham_01"]
[Result "0-1"]
[WhiteElo "2181"]
[BlackElo "2591"]
[TimeControl "180+1"]
[EndTime "14:07:16 PDT"]
[Termination "Statham_01 won by resignation"]

1. e4 e5 2. Nf3 Nf6 3. d4 Nxe4 4.
Bd3 d5 5. Nxe5 Nd7 6. c4 Nxe5 7. dxe5 Nc5 8. cxd5 c6 9. d6 Qa5+ 10. Nc3 Nxd3+ 11. Qxd3 Qxe5+ 12. Be3 Bf5 13. d7+ Bxd7 14. O-O Bd6 15. f4 Qe7 16. Rad1 Bb4 17. Rfe1 O-O-O 18.
Kh1 Bg4 19. Bd4 Qd6 20. Rd2 Bxc3 21. bxc3 Rhe8 22. Rb1 Qg6 23. h3 Bf5 24. Qf3 Bxb1 25. Rb2 Be4 26. Qf2 Bxg2+ 27. Qxg2 Re1+ 28. Kh2 Qxg2+ 29. Kxg2 g6 30. Bxa7 Rde8 31. Bf2 R1e2 32. Rb4 Rxa2 33. Rd4 Ree2 0-1

[Event "Late-Titled-Tuesday-Blitz-March-12-2024"]
[Site "Chess.com"]
[Date "2024.03.12"]
[Round "1"]
[White "Kostukov_Alex"]
[Black "DryCounty"]
[Result "1-0"]
[WhiteElo "2316"]
[BlackElo "2628"]
[TimeControl "180+1"]
[EndTime "14:07:17 PDT"]
[Termination "Kostukov_Alex won by resignation"]

1. g3 g6 2. Bg2 Bg7 3. c4 Nf6 4.
Nf3 O-O 5. O-O d6 6. d4 Nc6 7.
Nc3 e5 8. d5 Nb8 9. e4 a5 10. h3 Na6 11. Be3 b6 12. Ne1 Nc5 13.
Nd3 Nh5 14. Nb5 Nxd3 15. Qxd3 f5 16. Bd2 Qe7 17. Rae1 Nf6 18. Kh2 fxe4 19. Qc2 Bf5 20. Be3 h5 21. Nc3 Qd7 22. Qe2 Rae8 23. Bg5 Nh7 24.
Bc1 Nf6 25. Bg5 Qe7 26. Bxf6 Qxf6 27. Nxe4 Qe7 28. h4 Bh6 29. a3 Rf7 30. b4 axb4 31. axb4 Ref8 32. c5 bxc5 33. bxc5 dxc5 34. Qc4 Kg7 35.
Qxc5 Qxc5 36. Nxc5 Re7 37. Bh3 Rd8 38. Ne6+ Bxe6 39.
dxe6 Rd2 40. Rxe5 Rxf2+ 41. Rxf2 1-0

[Event "Late-Titled-Tuesday-Blitz-March-12-2024"]
[Site "Chess.com"]
[Date "2024.03.12"]
[Round "1"]
[White "the_blue_pill"]
[Black "Sokoloco"]
[Result "0-1"]
[WhiteElo "2450"]
[BlackElo "2804"]
[TimeControl "180+1"]
[EndTime "14:07:19 PDT"]
[Termination "Sokoloco won by resignation"]

1. e4 d6 2. d4 g6 3. Nc3 Bg7 4. Nf3 a6 5. a4 b6 6. Bd3 Bb7 7. Ne2 e6 8. Ng3 c5 9. c3 h5 10. Bg5 Bf6 11. h4 Nc6 12. e5 Bxg5 13. hxg5 cxd4 14. cxd4 Nb4 15. Be4 d5 16. Bd3 Nxd3+ 17. Qxd3 a5 18. Rc1 Ba6 19. Qb3 Rc8 20. Kd2 Ne7 21.
Rxc8 Nxc8 22. Rc1 O-O 23. Qc3 Qe7 24. Ne2 Na7 25. Nf4 Rc8 26. Qb3 Rxc1 27. Kxc1 Qc7+ 28.
Kd2 Nc6 29. Qc3 Qd7 30. b3 Nb4 31. Ne1 Qe7 32. Nh3 b5 33. Nc2 bxa4 34. bxa4 Bc4 35. Nxb4 axb4 36. Qb2 b3 37. Kc3 Qd8 38. Qa3 Qa5+ 39.
Qb4 Qxb4+ 40. Kxb4 b2 0-1

[Event "Late-Titled-Tuesday-Blitz-March-12-2024"]
[Site "Chess.com"]
[Date "2024.03.12"]
[Round "1"]
[White "expii"]
[Black "NMJeevanK"]
[Result "0-1"]
[WhiteElo "2196"]
[BlackElo "2600"]
[TimeControl "180+1"]
[EndTime "14:07:19 PDT"]
[Termination "NMJeevanK won on time"]

1. e4 e5 2. Nf3 Nc6 3. Bb5 a6 4.
Ba4 b5 5. Bb3 Na5 6. Nxe5 Nxb3 7. axb3 Qg5 8. Nf3 Qxg2 9. Rg1 Qh3 10. d4 Bb7 11. Rg3 Qe6 12. e5 h6 13. Nc3 Ne7 14. Qd3 Nd5 15. Nxd5 Bxd5 16. Be3 g5 17. h3 Be7 18.
Nd2 f5 19. f4 gxf4 20. Bxf4 Bh4 21. Ke2 Bxg3 22. Qxg3 Rg8 23. Qh4 Rg2+ 24. Kd3 Be4+ 25. Nxe4 fxe4+ 26. Kxe4 Qc6+ 27. Ke3 Qxc2 28. Qh5+ Qg6 29.
Qxg6+ Rxg6 30. Rf1 O-O-O 31. Rf2 Rf8 32. Ke4 h5 33.
Ke3 h4 34. Rc2 Kb7 35. d5 c6 36. dxc6+ dxc6 37. Rd2 Rf7 38. Ke4 a5 39. Rc2 Rd7 40. Rd2 Rxd2 41. Bxd2 b4 42. Bf4 Kc8 43. Kf5 Rg1 44. e6 Kd8 45. Bg5+ Ke8 46. Bf6 Rg3 47. Bxh4 Rxh3 48. Bf6 Rxb3 49. Ke4 a4 50. Kd4 Rxb2 51. Kc4 a3 52. Kc5 Re2 53. Kxb4 a2 0-1

[Event "Late-Titled-Tuesday-Blitz-March-12-2024"]
[Site "Chess.com"]
[Date "2024.03.12"]
[Round "1"]
[White "VD_coach"]
[Black "VojtechPlat"]
[Result "0-1"]
[WhiteElo "2491"]
[BlackElo "2862"]
[TimeControl "180+1"]
[EndTime "14:07:24 PDT"]
[Termination "VojtechPlat won by checkmate"]

1. d4 d6 2. Nf3 Nf6 3. g3 Bf5 4. Bg2 c6 5. O-O h6 6. c4 Nbd7 7. Nc3 e5 8. d5 cxd5 9. Nxd5 Be4 10. Nxf6+ Nxf6 11. Ne1 Bc6 12. Nc2 Be7 13. Ne3 O-O 14.
b3 Re8 15. Bb2 Bf8 16. Nd5 Nxd5 17. Bxd5 Rc8 18. Qd2 Qd7 19. Rad1 b5 20. Bxc6 Qxc6 21. cxb5 Qxb5 22. Ba3 Rc6 23. Qd5 Qxd5 24. Rxd5 Ra6 25. Bb4 Rxa2 26. Bxd6 Bxd6 27. Rxd6 Rxe2 28. Rd7 Rb2 29.
Rxa7 Rxb3 30. Rfa1 Re6 31. Ra8+ Kh7 32. R8a3 Rbb6 33.
Kg2 Rf6 34. Rf3 Rxf3 35. Kxf3 Kg6 36. h4 Kf5 37. Ra7 Kf6 38. Rc7 g6 39. Rd7 Ke6 40.
Ra7 h5 41. Kg2 f6 42. Kf3 Kf5 43. Kg2 Rb5 44. Ra6 e4 45. Rc6 Re5 46. Rb6 g5 47. hxg5 fxg5 48. Rb4 Rd5 49. Rb8 Rd2 50. Rf8+ Kg4 51.
Re8 Rd4 52. Re5 Rc4 53. Re6 Kf5 54. Re8 Rc5 55. Rf8+ Kg6 56. Rg8+ Kf6 57. Re8 Re5 58. Rf8+ Kg6 59. Rg8+ Kf5 60. Rf8+ Kg4 61. Rb8 h4 62. gxh4 gxh4 63. Rf8 Rf5 64. Re8 Kf4 65. Re7 Rg5+ 66. Kf1 Rh5 67. Kg2 h3+ 68. Kh2 Kf3 69. Rf7+ Ke2 70.
Rf4 Kd3 71. Rg4 Rf5 72. Rg3+ Kd4 73. Kxh3 Rxf2 74. Rg8 Rf7 75. Kg3 Ke3 76. Ra8 Rg7+ 77. Kh2 Kf3 78. Rf8+ Ke2 79. Ra8 e3 80. Ra2+ Kf3 81.
Ra3 Kf2 82. Ra8 Rh7# 0-1